 Dungeon Crawl Stone Soup version 0.27-a0-1182-gee19b5822f (webtiles) character file.

Game seed: 9347810759399583371

6361 Delamore the Basher (level 10, -1/61 HPs)
             Began as a Gargoyle Fighter on May 18, 2021.
             Was a Priest of Okawaru.
             Slain by an orc warlord
             ... wielding a +0 war axe
              (20 damage)
             ... in a bailey.
             The game lasted 00:10:59 (6936 turns).

Delamore the Basher (Gargoyle Fighter)              Turns: 6936, Time: 00:10:59

Health: -1/61      AC: 19    Str: 22    XL:     10   Next: 96%
Magic:  8/10       EV: 11    Int: 10    God:    Okawaru [***...]
Gold:   466        SH: 12    Dex: 15    Spells: 9/9 levels left

rFire    . . .     SeeInvis .   q - +2 mace (spect)
rCold    . . .     Faith    .   c - +0 kite shield
rNeg     + . .     Spirit   .   b - +0 scale mail
rPois    ∞         Reflect  .   (no helmet)
rElec    +         Harm     .   p - +0 cloak
rCorr    .         Rampage  .   (no gloves)
Will     +....                  n - +1 pair of boots
Stlth    ++........             k - amulet of regeneration
HPRegen  1.20/turn              h - +6 ring of dexterity
MPRegen  0.12/turn              f - ring of willpower

@: heroic
A: sickness immunity, AC +7, negative energy resistance 1, electricity
resistance, torment resistance 1, petrification resistance
a: Renounce Religion, Heroism


You were in a bailey.
You worshipped Okawaru.
Okawaru was most pleased with you.
You visited 2 branches of the dungeon, and saw 9 of its levels.
You also visited: Bailey.

You collected 466 gold pieces.

Inventory:

Hand Weapons
 a - a +0 flail
 q - a +2 spectral mace (weapon)
Missiles
 e - 2 throwing nets
 v - 2 poisoned darts (quivered)
 B - 27 boomerangs
Armour
 b - a +0 scale mail (worn)
 c - a +0 kite shield (worn)
 n - a +1 pair of boots (worn)
 p - a +0 cloak (worn)
Jewellery
 f - a ring of willpower (right hand)
 h - a +6 ring of dexterity (left hand)
 k - an amulet of regeneration (around neck)
Wands
 l - a wand of polymorph (10)
 u - a wand of iceblast (5)
 y - a wand of flame (17)
Scrolls
 m - a scroll of amnesia
 t - a scroll of teleportation
 H - 2 scrolls of enchant weapon
Potions
 d - 5 potions of magic
 g - 3 potions of degeneration
 i - a potion of flight {unknown}
 j - a potion of attraction {unknown}
 o - a potion of cancellation {unknown}
 r - 2 potions of heal wounds
 s - 3 potions of lignification {unknown}
 w - 3 potions of curing
 x - a potion of invisibility {unknown}
 z - a potion of berserk rage {unknown}
 A - a potion of might
 E - 2 potions of brilliance {unknown}
 F - 2 potions of resistance
 G - a potion of ambrosia {unknown}


   Skills:
 + Level 6.6(11.6) Fighting
 - Level 14.0(19.0) Maces & Flails
 + Level 3.3(8.3) Throwing
 - Level 3.2(8.2) Armour
 - Level 5.0(10.0) Shields


You had 9 spell levels left.
You didn't know any spells.
Your spell library contained the following spells:

 Spells                   Type           Power      Damage    Failure   Level
 Beastly Appendage        Tmut           0%         N/A       86%         1
 Shock                    Conj/Air       0%         1d3       86%         1
 Static Discharge         Conj/Air       0%         N/A       94%         2
 Wereblood                Tmut           0%         N/A       94%         2
 Spider Form              Tmut/Pois      0%         N/A       99%         3
 Swiftness                Air            0%         N/A       99%         3
 Airstrike                Air            0%         N/A       100%        4
 Ice Form                 Ice/Tmut       0%         N/A       100%        4
 Hydra Form               Tmut           0%         N/A       100%        5
 Lightning Bolt           Conj/Air       0%         1d11      100%        5


Dungeon Overview and Level Annotations

Branches:
Dungeon (8/15)             Temple (1/1) D:6            Lair (0/6) D:8
 Bailey (1/1)

Altars:
Ashenzari
Cheibriados
Dithmenos
Elyvilon
Fedhas
Gozag
Hepliaklqana
Kikubaaqudgha
Makhleb
Nemelex Xobeh
Okawaru
Qazlal
Ru
Sif Muna
Trog
Uskayaw
Vehumet
Wu Jian
Xom
Yredelemnul
Zin
The Shining One


Innate Abilities, Weirdness & Mutations

You are immune to sickness and miasma.
Your stone body is resilient. (AC +7)
You are immune to poison.
You resist negative energy. (rN+)
You are resistant to electric shocks. (rElec)
You are resistant to unholy torment.
You are immune to petrification.


Message History

Your spectral weapon fades away.
You hit the orc warlord.
The orc warlord is heavily wounded.
Your spectral weapon hits the orc warlord.
The orc warlord looks more healthy.
The orc warlord hits you with a +0 war axe.
The orc warlord misses your spectral weapon.
You barely miss the orc warlord.
The orc warlord is heavily wounded.
Your spectral weapon hits the orc warlord.
The orc warlord barely misses you.
The orc warlord hits your spectral weapon with a +0 war axe!
Your spectral weapon shares its damage with you!
* * * LOW HITPOINT WARNING * * *
Your shield and scale mail prevent you from hitting the orc warlord.
The orc warlord is severely wounded.
Your spectral weapon hits the orc warlord.
You closely miss the orc warlord.
The orc warlord is severely wounded.
Your spectral weapon hits the orc warlord!
The orc warlord hits you but does no damage.
The orc warlord hits your spectral weapon with a +0 war axe.
Your spectral weapon shares its damage with you!
* * * LOW HITPOINT WARNING * * *
Okay, then.
You gain the combat prowess of a mighty hero.
You block the orc warlord's attack.
You hit the orc warlord.
The orc warlord is severely wounded.
Your spectral weapon hits the orc warlord.
The orc warlord splashes around in the water.
You hit the orc warlord.
The orc warlord is almost dead.
Your spectral weapon hits the orc warlord but does no damage.
The orc warlord splashes around in the water.
You hit the orc warlord.
The orc warlord is almost dead.
Your spectral weapon hits the orc warlord.
The orc warlord hits you with a +0 war axe!!
You die...

#..........#≈≈≈≈≈#..)...
#..........+.....'..).8.
#...8......#########....
##......####≈≈≈#≈≈≈##...
##))...#≈≈#≈.....=≈#...
##....#≈........!≈#...
#...##≈8(8.(.8.8##†..
#...'o(....(....#....
#...@≈≈....∩....#....
#...')≈(.......o#....
#...##≈8.8.(.8.8##...
##....#≈........!g#...
##.....#≈≈#≈.....)≈#...
##......####≈≈≈#≈≈≈##...
#...8....).#########....
#........).+.....'...)8)
#........).#≈≈≈≈≈#......


You could see an orc warlord and a friendly +2 spectral mace (summoned).

Vanquished Creatures
  Harold (D:6)
  An orc knight (Bailey)
  Maggie (D:6)
  A komodo dragon (D:8)
  Grinder (D:5)
  A hornet (D:8)
  Sigmund (D:2)
  Menkaure (D:5)
  A steam dragon (D:8)
  4 water moccasins
  Duvessa (D:7)
  4 sky beasts
  3 black bears
  2 orc warriors
  A necrophage (D:3)
  3 centaurs
  An ogre (D:4)
  3 phantoms (D:6)
  A gnoll sergeant (D:8)
  2 scorpions
  Dowan (D:6)
  5 bullfrogs
  4 wights (D:6)
  5 howler monkeys
  A bullfrog zombie (D:6)
  A jelly (D:6)
  4 hounds
  Crazy Yiuf (D:2)
  3 bullfrog skeletons
  5 orc priests
  Jessica (D:3)
  Terence (D:2)
  5 orc wizards
  An iguana (D:4)
  A scorpion zombie (D:5)
  2 howler monkey zombies
  13 gnolls
  A howler monkey skeleton (D:6)
  An adder (D:4)
  A shadow imp (D:6)
  A white imp (D:4)
  2 ufetubi
  3 worms
  5 dart slugs
  19 orcs
  3 bats
  13 endoplasms
  6 giant cockroaches
  17 goblins
  14 hobgoblins
  13 jackals
  13 kobolds
  2 quokkas
  6 ball pythons
  2 frilled lizards
  2 rats (D:3)
212 creatures vanquished.

Vanquished Creatures (others)
  32 fungi (D:8)
  43 plants
75 creatures vanquished.

Grand Total: 287 creatures vanquished

Notes
Turn   | Place    | Note
-------+----------+-------------------------------------------
     0 | D:1      | Delamore the Gargoyle Fighter began the quest for the Orb.
     0 | D:1      | Reached XP level 1. HP: 14/14 MP: 1/1
    50 | D:1      | Reached XP level 2. HP: 7/19 MP: 2/2
   385 | D:1      | Reached XP level 3. HP: 6/24 MP: 3/3
  1326 | D:2      | Reached XP level 4. HP: 23/29 MP: 4/4
  1414 | D:2      | Found a faded altar of an unknown god.
  1468 | D:2      | Found a snail-covered altar of Cheibriados.
  1519 | D:2      | Noticed Sigmund
  1600 | D:2      | Killed Sigmund
  1601 | D:2      | Reached skill level 3 in Maces & Flails
  1601 | D:2      | Reached XP level 5. HP: 34/34 MP: 5/5
  1658 | D:2      | Noticed Terence
  1670 | D:2      | Killed Terence
  1671 | D:2      | Reached skill level 5 in Fighting
  1671 | D:2      | Reached XP level 6. HP: 36/40 MP: 6/6
  1771 | D:2      | Found a runed translucent door.
  1772 | D:2      | Noticed Crazy Yiuf
  1819 | D:2      | Reached skill level 5 in Shields
  2019 | D:2      | Killed Crazy Yiuf
  2020 | D:2      | Reached skill level 4 in Maces & Flails
  2135 | D:3      | Found an opulent altar of Gozag.
  2480 | D:3      | Reached skill level 5 in Maces & Flails
  2630 | D:3      | Noticed Jessica
  2635 | D:3      | Killed Jessica
  2997 | D:3      | Found a bloodstained altar of Trog.
  3021 | D:3      | Noticed a necrophage
  3033 | D:3      | Killed a necrophage
  3034 | D:3      | Reached XP level 7. HP: 44/44 MP: 7/7
  3182 | D:4      | Reached skill level 6 in Maces & Flails
  3303 | D:4      | Reached skill level 7 in Maces & Flails
  3587 | D:4      | Reached XP level 8. HP: 38/49 MP: 8/8
  3667 | D:4      | Found a glowing golden altar of the Shining One.
  3755 | D:4      | Found a broken altar of Ashenzari.
  3755 | D:4      | Found a shadowy altar of Dithmenos.
  3843 | D:5      | Entered Level 5 of the Dungeon
  3898 | D:5      | Noticed Menkaure
  3909 | D:5      | Killed Menkaure
  3910 | D:5      | Reached skill level 8 in Maces & Flails
  4101 | D:5      | Reached skill level 9 in Maces & Flails
  4311 | D:5      | Noticed Grinder
  4353 | D:5      | Killed Grinder
  4354 | D:5      | Reached skill level 10 in Maces & Flails
  4531 | D:6      | Reached XP level 9. HP: 43/54 MP: 9/9
  4574 | D:6      | Found a white marble altar of Elyvilon.
  4574 | D:6      | Found a snail-covered altar of Cheibriados.
  4665 | D:6      | Reached skill level 11 in Maces & Flails
  4691 | D:6      | Found a staircase to the Ecumenical Temple.
  4720 | Temple   | Entered the Ecumenical Temple
  4958 | Temple   | Became a worshipper of Warmaster Okawaru
  5298 | D:6      | Found a hazy altar of Hepliaklqana.
  5410 | D:7      | Noticed Harold
  5526 | D:7      | Noticed Duvessa
  5611 | D:6      | HP: 2/54 [Harold/+3 flail (7)]
  5644 | D:6      | Killed Harold
  5644 | D:6      | Reached * piety under Okawaru
  5645 | D:6      | Reached skill level 12 in Maces & Flails
  5645 | D:6      | Reached XP level 10. HP: 38/59 MP: 10/10
  5686 | D:7      | Killed Duvessa
  5687 | D:7      | Reached skill level 13 in Maces & Flails
  5721 | D:7      | Noticed Dowan
  5741 | D:7      | Noticed Maggie
  5753 | D:6      | Killed Dowan
  5879 | D:6      | Killed Maggie
  6002 | D:7      | Found a basalt altar of Yredelemnul.
  6302 | D:8      | Found a burning altar of Makhleb.
  6339 | D:8      | Found an ornate altar of the Wu Jian Council.
  6441 | D:8      | Reached ** piety under Okawaru
  6451 | D:8      | Reached skill level 14 in Maces & Flails
  6464 | D:8      | Reached skill level 1 in Throwing
  6464 | D:8      | Found a staircase to the Lair.
  6619 | D:8      | Found a flagged portal.
  6636 | Bailey   | Entered a bailey
  6641 | Bailey   | Noticed an orc warlord
  6675 | Bailey   | Noticed an orc knight
  6687 | Bailey   | Killed an orc knight
  6687 | Bailey   | Reached *** piety under Okawaru
  6724 | Bailey   | Found a runed translucent gate.
  6727 | Bailey   | Found a runed translucent gate.
  6729 | Bailey   | Found a runed translucent gate.
  6936 | Bailey   | Slain by an orc warlord

Illustrated notes

Levels and vault maps discovered:
D:1:      eino_arrival_water_star, layout_rooms
D:2:      layout_rooms, basic_altar, ebering_ecumenical_altar_rust,
          minmay_small_reverse_x, uniq_sigmund, uniq_terence,
          uniq_crazy_yiuf_cottage
D:3:      layout_basic, overflow_temple_1_default, nicolae_gozag_seed_capital,
          uniq_jessica
D:4:      layout_rooms, kennysheep_mini, gammafunk_temple_overflow_pools
D:5:      layout_loops_ring, uniq_grinder, uniq_menkaure
D:6:      layout_rooms, lemuel_coloured_pillars_altar, jmf_multi_god_temple,
          minmay_temple_entry_slanted, serial_bayou_pond_c
D:7:      layout_rooms, nicolae_overflow_crystal_walls,
          kennysheep_generic_room_13, uniq_harold, uniq_maggie, uniq_duvessa
D:8:      layout_loops_ring, pdpol_wu_jian_five_deadly_venoms,
          general_overflow_altar, due_lair_maze_entry_diamond, enter_bailey_5,
          kennysheep_cluttered_room
Temple:   minmay_temple_curvy_loop
Bailey:   bailey_axe_bossmonster_kennysheep, bailey

Skill      XL: |  1  2  3  4  5  6  7  8  9 10 |
---------------+-------------------------------+-----
Fighting       | 4 5 6 |  6.6
Shields        | 4 5 |  5.0
Maces & Flails | 3 5 7 10 12 14 | 14.0
Throwing       | 3 |  3.3
Armour         | |  3.2

Action                   |  1- 3 |  4- 6 |  7- 9 | 10-12 || total
-------------------------+-------+-------+-------+-------++-------
Melee: Flail             |   127 |    61 |       |       ||   188
       Unarmed           |       |     8 |       |       ||     8
       Mace              |       |    79 |   356 |   221 ||   656
Throw: Dart              |       |       |       |     9 ||     9
Invok: Heroism           |       |       |       |     1 ||     1
  Use: Potion            |       |     1 |     4 |       ||     5
       Scroll            |       |       |     5 |     7 ||    12
 Stab: Distracted        |       |       |       |     1 ||     1
Armor: Scale mail        |   125 |    74 |   250 |   146 ||   595
       Skin              |       |     1 |       |       ||     1
Dodge: Dodged            |    66 |    47 |   157 |    79 ||   349
Block: Kite shield       |   101 |    61 |   252 |   143 ||   557

Table legend: (Time is in decaauts)
 A = Elapsed time spent in this place.
 B = Non-inter-level travel time spent in this place.
 C = Inter-level travel time spent in this place.
 D = Time resting spent in this place.
 E = Time spent auto-exploring this place.
 F = Levels seen in this place.
 G = Mean time per level.
                   A        B        C        D        E       F      G
               +--------+--------+--------+--------+--------+-----+--------+
         Total |   7107 |   6799 |    308 |   1036 |   3701 |  10 |  710.7 |
       Dungeon |   6562 |   6293 |    269 |   1000 |   3380 |   8 |  820.2 |
        Temple |    249 |    210 |     39 |      0 |    208 |   1 |  249.0 |
        Bailey |    294 |    294 |      0 |     36 |    113 |   1 |  294.0 |
               +--------+--------+--------+--------+--------+-----+--------+

Top non-repeatable levels by time:
     D:1: 1138 daAuts
     D:3: 1115 daAuts
     D:2: 1035 daAuts
     D:6: 998 daAuts
     D:4: 696 daAuts
     D:5: 685 daAuts
     D:7: 559 daAuts
     D:8: 335 daAuts
  Bailey: 294 daAuts
  Temple: 249 daAuts
